Map: Ultralove

Players

Clem

  • Race: Terran Terran
  • Spawn Location: 7:00

Classic - Winner!

  • Race: Protoss Protoss
  • Spawn Location: 1:00

Event: Esports World Cup 2025

VOD

Have the link to the VOD?

Description

Time

  • Played on: July 24, 2025, 11:52 a.m.
  • Length: 11:06

All games in this series

Show
View Real Time Build Order
Export as new Build Order

Clem Terran 

Build Orders: 1/1/1, Hellion Opening 

Get SALT Encoding   

  12  0:00  SCV  
  13  0:12  SCV  
  14  0:16  Supply Depot  
  14  0:24  SCV  
  14  0:27  Refinery  
  15  0:38  SCV  
  16  0:43  Barracks  
  16  0:50  SCV  
  17  1:02  SCV  
  18  1:14  SCV  
  18  1:15  Engineering Bay  
  19  1:30  Orbital Command  
  19  1:31  Marine  
  20  1:35  Factory  
  20  1:42  Supply Depot  
  20  1:49  Barracks Reactor  
  20  1:55  SCV  
  21  2:08  SCV  
  22  2:20  SCV  
  23  2:24  Starport  
  23  2:29  Hellion x2  
  27  2:35  Command Center  
  27  2:42  Supply Depot  
  27  2:50  Hellion  
  29  2:55  Hellion  
  31  3:00  Marine  
  31  3:03  Medivac  
  31  3:05  SCV  
  32  3:13  Widow Mine  
  32  3:18  Marine  
  35  3:20  SCV  
  35  3:21  Supply Depot  
  36  3:32  SCV  
  36  3:33  Hellion  
  37  3:38  Barracks Tech Lab  
  37  3:39  Hellion  
  39  3:43  Refinery  
  39  3:44  SCV  
  40  3:57  SCV  
  41  4:03  Marine  
  41  4:04  Marine  
  41  4:07  Cyclone  
  41  4:09  Orbital Command  
  46  4:11  SCV  
  47  4:19  Barracks  
  47  4:23  SCV  
  48  4:24  Marine  
  48  4:26  Marine  
  50  4:32  Orbital Command  
  50  4:35  SCV  
  51  4:39  Cyclone  
  51  4:42  Marine  
  55  4:48  SCV  
  55  4:50  Marine  
  55  4:54  Barracks  
  51  5:00  SCV  
  51  5:01  SCV  
  51  5:05  Supply Depot  
  51  5:08  Marine, Barracks Tech Lab  
  51  5:12  SCV  
  51  5:13  SCV  
  51  5:14  Siege Tank  
  57  5:19  Bunker  
  55  5:22  Marine  
  55  5:24  SCV  
  55  5:26  Marine, SCV  
  60  5:29  Marauder  
  60  5:36  SCV  
  60  5:40  Marine, SCV  
  60  5:42  Marine  
  60  5:46  Siege Tank  
  62  5:52  SCV  
  62  5:54  SCV  
  61  6:01  Marine  
  58  6:04  SCV  
  58  6:05  Marine  
  58  6:08  Marine  
  56  6:16  SCV  
  56  6:18  Siege Tank  
  60  6:20  Marine  
  60  6:22  SCV  
  62  6:28  SCV  
  62  6:31  Marine  
  62  6:32  Marine  
  59  6:34  SCV  
  59  6:37  Marine  
  58  6:41  SCV, Medivac  
  58  6:45  Marine  
  58  6:46  SCV  
  59  6:50  Marine  
  59  6:53  SCV  
  57  6:55  Siege Tank  
  57  6:56  Marine  
  57  6:57  Barracks Tech Lab  
  57  6:58  SCV  
  57  7:00  Supply Depot  
  59  7:05  SCV  
  60  7:08  Marine  
  60  7:10  Marauder, SCV  
  60  7:12  Supply Depot  
  60  7:14  Marine  
  60  7:15  Refinery  
  65  7:16  Marauder  
  65  7:17  SCV  
  65  7:22  SCV  
  69  7:28  Marine, Engineering Bay  
  69  7:29  SCV  
  71  7:33  Marauder  
  71  7:36  Supply Depot  
  73  7:38  Marauder  
  73  7:39  SCV  
  73  7:41  Stimpack  
  73  7:43  SCV, Siege Tank  
  80  7:46  Marine  
  80  7:51  Supply Depot  
  78  7:52  SCV  
  78  7:55  Refinery, SCV  
  78  7:56  Marine  
  82  7:59  Marauder  
  82  8:02  Terran Infantry Weapons Level 1  
  82  8:03  Barracks Tech Lab  
  82  8:04  Starport Reactor  
  82  8:05  Marine  
  84  8:09  Supply Depot  
  84  8:19  Command Center  
  84  8:23  Combat Shield  
  84  8:25  Factory Reactor  
  84  8:26  Marauder  
  86  8:27  Marauder  
  86  8:31  Supply Depot  
  88  8:34  Marine  
  88  8:35  Supply Depot, Marine  
  90  8:42  Medivac x2  
  94  8:50  Barracks  
  94  8:53  Barracks, SCV x2  
  96  8:57  Marine x2  
  96  9:01  Marauder  
  100  9:07  Widow Mine  
  100  9:08  Widow Mine  
  104  9:12  Supply Depot  
  104  9:15  Marauder  
  104  9:16  SCV  
  107  9:21  Concussive Shells, Medivac  
  107  9:23  SCV  
  110  9:25  Medivac  
  112  9:31  Supply Depot  
  112  9:32  SCV  
  112  9:37  SCV  
  106  9:43  Widow Mine x2  
  100  9:48  Marine  
  100  9:51  Marine  
  102  9:53  Marine  
  102  9:54  Marine  
  103  10:01  Marauder  
  103  10:02  Marine  
  103  10:06  Marine  
  106  10:08  Medivac x2  
  106  10:12  Widow Mine  
  106  10:13  Widow Mine  
  114  10:14  Marine  
  114  10:20  Marauder  
  116  10:23  Marauder  
  116  10:26  Marine  
  116  10:36  Marine  
  116  10:38  SCV  
  116  10:39  SCV  
  116  10:42  Marauder  
  85  10:44  Marauder  
Show
View Real Time Build Order
Export as new Build Order

Classic Protoss - Winner!

Build Orders: 1 Gate Expand, Blink Stalkers 

Get SALT Encoding   

  12  0:00  Probe  
  13  0:12  Probe  
  14  0:17  Pylon  
  14  0:24  Probe  
  15  0:33  Probe  
  15  0:35  Gateway  
  15  0:41  Probe  
  16  0:46  Assimilator  
  17  0:51  Probe  
  18  0:59  Gateway  
  18  1:03  Probe  
  19  1:22  Cybernetics Core  
  19  1:42  Nexus  
  19  1:43  Pylon  
  19  1:48  Adept  
  19  1:51  Adept  
  23  2:01  Probe  
  23  2:05  Assimilator  
  24  2:15  Stalker  
  24  2:18  Stalker  
  26  2:24  Probe  
  29  2:34  Warp Gate  
  29  2:36  Probe  
  30  2:53  Stalker x2  
  30  2:54  Probe x2  
  34  3:06  Probe x2  
  36  3:18  Probe x2  
  36  3:19  Twilight Council  
  38  3:28  Probe x2  
  38  3:36  Probe x2  
  38  3:40  Pylon  
  40  3:42  Shield Battery  
  40  3:44  Probe x2  
  40  3:48  Stalker  
  42  3:49  Blink  
  44  4:00  Probe x2  
  46  4:06  Gateway  
  46  4:11  Pylon  
  46  4:14  Probe x2  
  48  4:20  Robotics Facility  
  48  4:24  Assimilator  
  48  4:26  Probe  
  48  4:27  Probe  
  48  4:31  Stalker  
  52  4:35  Stalker  
  54  4:41  Shield Battery  
  51  4:52  Probe x2  
  50  5:03  Stalker x2  
  50  5:04  Probe x2  
  56  5:07  Stalker  
  56  5:12  Pylon  
  59  5:14  Probe  
  59  5:16  Probe  
  59  5:26  Stalker x2  
  62  5:31  Stalker  
  64  5:41  Probe x2  
  66  5:52  Stalker x2  
  70  5:58  Probe  
  70  5:59  Probe  
  66  6:10  Nexus  
  66  6:11  Probe x2  
  68  6:16  Pylon  
  68  6:20  Observer, Assimilator, Charge  
  68  6:23  Probe  
  68  6:25  Probe  
  59  6:35  Probe  
  59  6:37  Probe  
  61  6:42  Stalker x3  
  61  6:46  Probe  
  62  6:48  Probe  
  60  6:54  Observer, Probe  
  60  6:56  Probe  
  61  7:03  Probe  
  61  7:04  Observer, Probe  
  61  7:08  Gateway x2  
  64  7:11  Gateway  
  64  7:12  Templar Archives  
  64  7:15  Probe x2  
  64  7:20  Observer  
  66  7:25  Gateway  
  66  7:26  Probe x2  
  66  7:27  Gateway, Probe  
  69  7:34  Probe x2  
  69  7:35  Probe  
  69  7:42  Probe  
  72  7:46  Probe x2  
  72  7:50  Psionic Storm, Stalker x2  
  72  7:51  Stalker  
  79  7:53  Probe  
  80  7:59  Pylon  
  80  8:05  Warp Prism  
  80  8:08  Probe x3  
  80  8:09  High Templar  
  80  8:10  High Templar  
  80  8:11  Pylon  
  87  8:17  High Templar  
  91  8:23  Probe x3, Assimilator  
  91  8:25  Pylon, Zealot  
  96  8:27  Zealot  
  96  8:32  Stalker  
  96  8:33  Stalker  
  101  8:40  Assimilator  
  101  8:44  High Templar  
  101  8:47  Zealot x2  
  101  8:48  Zealot  
  109  8:50  Zealot  
  109  8:53  Observer  
  112  8:59  Pylon  
  112  9:00  Stalker x2  
  112  9:01  Stalker  
  116  9:16  Forge  
  116  9:19  Nexus  
  116  9:20  Pylon  
  116  9:22  Pylon, High Templar x2  
  120  9:31  Probe x3  
  122  9:35  Pylon  
  123  9:43  High Templar x2  
  127  9:45  Pylon, Warp Prism  
  122  9:57  Stalker  
  122  9:58  Stalker x2, Zealot x3  
  134  10:04  Photon Cannon  
  132  10:08  Photon Cannon  
  132  10:11  Forge  
  132  10:12  Probe x2  
  134  10:15  Stalker  
  134  10:18  Zealot  
  136  10:22  Zealot x2  
  126  10:40  Zealot x6  
  112  10:48  Stalker  
  112  10:49  Zealot  
  117  10:51  Probe x2  
Tags
 
Add a new tag
Caveats
  • Supply blocks, unpowered buildings, or Contaminate may cause inaccurate times.
  • Supply counts are checked every 10 seconds.